cohdb
Replays
Latest Replays
All Replays
Popular Replays
Top Player Replays
Match Explorer
How It Works
Community
CoH3 Stats
Reddit
Sign in to upload your games and track your stats! →
Sign in with Steam
Match 39484552
Unlisted
Match 39484552
Overview
Messages
Build Orders
End
Construct Infanterie Kompanie
Kettenkrad Recon Vehicle
Selects Terror Battlegroup
Selects Terror Battlegroup
MG 42 Machine Gun Team
Grenadier Squad
Grenadier Squad
Selects Machine Gun Camouflage
Construct Panzergrenadier Kompanie
251 Medium Carrier
Panzergrenadier Officer Quarters
Pak 40 Anti-tank Gun Team
Medical Bunker
Selects Defend the Fatherland
Construct Panzer Kompanie
Construct Panzer Kompanie
Panzer Officer Quarters
Stoßtruppen Squad
Stoßtruppen Squad
Panzer IV Medium Tank
251 Medium Carrier
Selects King Tiger Heavy Tank
King Tiger Heavy Tank
Stoßtruppen Squad
Medical Station
Selects Contempt for the Weak
Stoßtruppen Squad
Pioneer Squad
251 Medium Carrier
Selects Propaganda Leaflet Drop
Propaganda Leaflet Drop
Selects V1 Rocket Strike
V1 Rocket Strike
Propaganda Leaflet Drop
Panzer Vor Doctrine
胡德
爱玩原农锤的素食女权主义跨性别黑人男同
GANDX
正义小PP
R4mbo-v-
Exf
Gravey
0
0
Comments
sign in to comment!
No comments posted yet!